 Dungeon Crawl Stone Soup version 0.27.0-1-g7a089689b8 (webtiles) character file.

Game seed: 1304077404104315128

1655 HoaS the Grappler (level 9, -3/71 HPs)
             Began as a Ghoul Gladiator on Aug 15, 2021.
             Was a Follower of Makhleb.
             Slain by a troll (4 damage)
             ... on level 5 of the Dungeon.
             The game lasted 00:11:34 (5141 turns).

HoaS the Grappler (Ghoul Gladiator)                 Turns: 5141, Time: 00:11:35

Health: -3/71      AC: 11    Str: 19    XL:     9   Next: 0%
Magic:  8/8        EV:  8    Int:  3    God:    Makhleb [*.....]
Gold:   1247       SH:  0    Dex: 12    Spells: 8/8 levels left

rFire    . . .     SeeInvis .     - Unarmed
rCold    + . .     Faith    .   (no shield)
rNeg     + + +     Spirit   .   m - +0 chain mail
rPois    ∞         Reflect  .   b - +1 helmet
rElec    .         Harm     .   (no cloak)
rCorr    .         Rampage  .   (no gloves)
Will     .....                  (no boots)
Stlth    ..........             (no amulet)
HPRegen  0.00/turn              (no ring)
MPRegen  0.11/turn              (no ring)

@: inhibited regen
A: claws 1, cold resistance 1, negative energy resistance 3, inhibited
regeneration, torment resistance 2
a: Renounce Religion


You were on level 5 of the Dungeon.
You worshipped Makhleb.
Makhleb was aware of your devotion.
You visited 2 branches of the dungeon, and saw 7 of its levels.
You also visited: Sewer.

You collected 1247 gold pieces.

Inventory:

Missiles
 c - a throwing net (quivered)
 g - 5 boomerangs
 j - 24 poisoned darts
Armour
 b - a +1 helmet (worn)
 m - a +0 chain mail (worn)
Scrolls
 d - 3 scrolls of teleportation
 e - a scroll of fog
 p - a scroll of noise {unknown}
 q - a scroll of fear {unknown}
Potions
 a - 2 potions of flight
 f - a potion of attraction
 h - a potion of curing {unknown}
 i - a potion of invisibility {unknown}
 k - 2 potions of haste {unknown}
 l - a potion of mutation {unknown}
 o - a potion of lignification {unknown}
Miscellaneous
 n - a lightning rod (4/4)


   Skills:
 + Level 4.0 Fighting
 - Level 1.7 Throwing
 + Level 4.1 Armour
 + Level 4.1 Dodging
 * Level 10.1 Unarmed Combat


You had 8 spell levels left.
You didn't know any spells.
Your spell library contained the following spells:

 Spells                   Type           Power      Damage    Failure   Level
 Animate Dead             Necr           0%         N/A       100%        4
 Haunt                    Necr/Summ      0%         N/A       100%        7
 Infestation              Necr           0%         N/A       100%        8


Dungeon Overview and Level Annotations

Branches:
Dungeon (6/15)             Temple (1/1) D:4           Sewer (visited)

Altars:
Ashenzari
Cheibriados
Dithmenos
Elyvilon
Fedhas
Gozag
Hepliaklqana
Kikubaaqudgha
Makhleb
Nemelex Xobeh
Okawaru
Qazlal
Ru
Sif Muna
Trog
Uskayaw
Vehumet
Wu Jian
Yredelemnul
Zin
The Shining One

Annotations:
D:6 3 runed translucent doors, Tungsten's ghost, novice GrEn


Innate Abilities, Weirdness & Mutations

You thrive by killing the living.
You are immune to poison.
You have sharp fingernails.
Your flesh is cold resistant. (rC+)
You are immune to negative energy. (rN+++)
You do not regenerate when monsters are visible.
You are immune to unholy pain and torment.


Message History

The troll is lightly wounded.
You claw the troll!
The troll is heavily wounded.
The troll completely misses you. The troll claws you! x2
The basilisk hisses menacingly.
There is a stone staircase leading up here.
The troll bites you! The troll claws you.
* * * LOW HITPOINT WARNING * * *
The troll barely misses you.
You climb upwards.
There is a stone staircase leading down here.
Throw: 3 throwing nets
Press: ? - help, Shift-Dir - straight line, f - troll
Aim: a troll (59% to hit)
You throw a throwing net.
The throwing net barely misses the troll.
The troll barely misses you. The troll claws you but does no damage.
The troll claws you!
* * * LOW HITPOINT WARNING * * *
Throw: 2 throwing nets
Press: ? - help, Shift-Dir - straight line, f/p - troll
Aim: a troll (57% to hit)
You throw a throwing net. The throwing net hits the troll.
The troll is caught in the net!
The troll struggles against the net.
The troll struggles against the net.
The troll struggles against the net.
The troll struggles against the net.
The troll struggles against the net.
The net rips apart, and the troll comes free!
Your chain mail prevents you from hitting the troll.
The troll completely misses you. The troll claws you.
* * * LOW HITPOINT WARNING * * *
The troll claws you but does no damage.
You claw the troll!
The troll is heavily wounded.
The troll bites you.
* * * LOW HITPOINT WARNING * * *
The troll barely misses you. The troll claws you.
You die...

#.#####....#...#'######
#.#####....#...#.#
#..............#.#########
######...#.##............#
.........#.##............###
#####).###.##..............#
#..# #.##.#.)........#.#
#..# #......>........#.#
#..######'#T@........#.#
#..#.................#.####
#..#........##########....#
#..#....(...# ####.#
##..######'###### #.#
#......##.......# #.#
####......##.......# #.#
#.........##.......# #.#
#.........##.......# #.#


You could see a troll.

Vanquished Creatures
  A sky beast (D:5)
  A necrophage (D:4)
  A black bear (D:5)
  A centaur (D:5)
  4 ogres
  A phantom (D:5)
  2 bullfrogs (Sewer)
  2 scorpions (D:5)
  A water moccasin skeleton (D:5)
  A jelly (D:6)
  A hound (D:6)
  2 iguanas
  5 orc wizards (D:4)
  12 adders
  5 gnolls
  2 howler monkey skeletons (D:4)
  A river rat (D:3)
  A white imp (D:4)
  3 ufetubi
  3 worms
  4 dart slugs
  2 orcs
  3 bats
  16 endoplasms
  10 giant cockroaches
  6 goblins
  11 hobgoblins
  12 jackals
  7 kobolds
  7 quokkas
  16 ball pythons
  15 frilled lizards
  11 rats
170 creatures vanquished.

Notes
Turn   | Place    | Note
-------+----------+-------------------------------------------
     0 | D:1      | HoaS the Ghoul Gladiator began the quest for the Orb.
     0 | D:1      | Reached XP level 1. HP: 17/17 MP: 0/0
   104 | D:1      | Reached XP level 2. HP: 22/24 MP: 1/1
   134 | D:1      | Reached skill level 4 in Unarmed Combat
   291 | D:1      | Reached XP level 3. HP: 29/29 MP: 2/2
   804 | D:2      | Reached skill level 5 in Unarmed Combat
   987 | D:2      | Reached XP level 4. HP: 32/36 MP: 3/3
  1583 | D:3      | Found a glowing drain.
  1595 | Sewer    | Entered a sewer
  1720 | Sewer    | Reached skill level 6 in Unarmed Combat
  1760 | Sewer    | Reached XP level 5. HP: 41/41 MP: 4/4
  1913 | Sewer    | Reached skill level 7 in Unarmed Combat
  1913 | Sewer    | Reached XP level 6. HP: 37/48 MP: 5/5
  2432 | D:3      | Reached skill level 8 in Unarmed Combat
  2641 | D:4      | Found a staircase to the Ecumenical Temple.
  2709 | D:4      | Reached XP level 7. HP: 55/55 MP: 6/6
  2802 | Temple   | Entered the Ecumenical Temple
  3089 | Temple   | Became a worshipper of Makhleb the Destroyer
  3201 | D:4      | Reached skill level 9 in Unarmed Combat
  3245 | D:4      | Reached skill level 1 in Armour
  3320 | D:4      | HP: 1/55 [ogre (6)]
  3670 | D:4      | Reached XP level 8. HP: 62/62 MP: 7/7
  4068 | D:5      | Entered Level 5 of the Dungeon
  4232 | D:5      | Reached * piety under Makhleb
  4541 | D:5      | Reached skill level 10 in Unarmed Combat
  4953 | D:5      | Identified a scroll of acquirement
  4953 | D:5      | Acquired 973 gold pieces
  4977 | D:6      | Found a runed translucent gate.
  4978 | D:6      | Found a runed translucent gate.
  4985 | D:6      | Found a runed translucent gate.
  4986 | D:6      | Noticed Tungsten's ghost (novice GrEn)
  5018 | D:6      | Identified the +2 leather armour of Neptoago {rN++}
  5084 | D:6      | Noticed a troll
  5103 | D:6      | Reached XP level 9. HP: 71/71 MP: 8/8
  5140 | D:5      | HP: 3/71 [troll (5)]
  5141 | D:5      | HP: 1/71 [troll (2)]
  5141 | D:5      | Slain by a troll

Illustrated notes

Levels and vault maps discovered:
D:1:      onia_arrival_handbag, layout_loops_ring
D:2:      layout_basic, minmay_hexomino_f4
D:3:      layout_loops_ring, cheibrodos_sewer_entry_sluice
D:4:      minmay_octagon_keep, layout_basic, temple_doors_e
D:5:      layout_basic
D:6:      layout_basic, gammafunk_ghost_split
Temple:   roderic_octagonal_lattice_temple

Skill      XL: |  1  2  3  4  5  6  7  8 |
---------------+-------------------------+-----
Unarmed Combat | 4 5 6 7 8 9 10 | 10.1
Armour         | 3 4 |  4.1
Dodging        | 3 4 |  4.1
Fighting       | 4 |  4.0
Throwing       | |  1.7

Action                   |  1- 3 |  4- 6 |  7- 9 || total
-------------------------+-------+-------+-------++-------
Melee: Unarmed           |    93 |   211 |   178 ||   482
       Punch             |     1 |     5 |     7 ||    13
Throw: Boomerang         |       |     2 |     3 ||     5
       Throwing net      |       |     1 |     3 ||     4
  Use: Scroll            |     4 |     2 |     4 ||    10
 Stab: Held in net/web   |       |     1 |       ||     1
Armor: Leather armour    |    20 |       |       ||    20
       Ring mail         |     8 |    68 |       ||    76
       Chain mail        |       |       |    86 ||    86
       Scale mail        |       |       |     4 ||     4
Dodge: Dodged            |    51 |    98 |    49 ||   198
